 Dungeon Sprint DCSS version 0.31-a0-750-gfe7b580527 (webtiles) character file.

Game seed: 15654753352493504553

13356 sircluck the Brawler (level 11, -4/198 HPs)
             Began as a Troll Berserker on Sept 14, 2023.
             Was the Champion of Trog.
             Slain by a deep elf knight
             ... wielding a +0 long sword
              (17 damage)
             ... in the Dungeon (Sprint VII: "The Pits").
             The game lasted 00:03:54 (1497 turns).

sircluck the Brawler (Troll Berserker)              Turns: 1497, Time: 00:03:55

Health: -4/198     AC: 11    Str: 34    XL:     11   Next: 74%
Magic:  10/10      EV: 13    Int:  3    God:    Trog [******]
Gold:   0          SH:  0    Dex:  9    Spells: 10/10 levels left

rFire   . .          .
                       - Unarmed
rCold   . . .        (no shield)
rNeg    . . .        o - +0 acid dragon scales
rPois   .            (helmet restricted)
rElec   .            (no cloak)
rCorr   +            (gloves unavailable)
SInv    .            (boots unavailable)
Will    .....        (no amulet) Stlth
                     k - +3 ring of strength
HPRegen 1.33/turn    l - +3 ring of protection
MPRegen 0.12/turn

%: no teleportation
@: berserking, very quick
A: large, unfitting armour, claws 3, regeneration 1, shaggy fur 1, tough skin 1
a: Renounce Religion, Berserk, Trog's Hand, Brothers in Arms


You were in the Dungeon.
You worshipped Trog.
Trog was exalted by your worship.
You visited 1 branch

Inventory:

Armour
 a - a +0 animal skin
 o - +0 acid dragon scales (worn)
Jewellery
 k - a +3 ring of strength (left claw)
 l - a +3 ring of protection (right claw)
Scrolls
 g - a scroll of blinking
 i - 2 scrolls of vulnerability
 j - a scroll of butterflies
Potions
 b - 7 potions of curing
 c - 12 potions of heal wounds
 d - a potion of haste
 e - 4 potions of magic
 f - 3 potions of berserk rage
 h - 2 potions of invisibility
 m - 2 potions of might
 n - a potion of mutation


   Skills:
 + Level 15.0 Fighting
 + Level 14.8 Dodging
 + Level 17.4 Unarmed Combat


You had 10 spell levels left.
You didn't know any spells.
Your spell library was empty.

Dungeon Overview and Level Annotations

Branches:
Dungeon (1/1)

Altars:
Ashenzari
Cheibriados
Dithmenos
Elyvilon
Fedhas
Gozag
Hepliaklqana
Kikubaaqudgha
Makhleb
Nemelex Xobeh
Okawaru
Qazlal
Ru
Sif Muna
Trog
Uskayaw
Vehumet
Wu Jian
Xom
Yredelemnul
Zin
The Shining One
Jiyva
Lugonu


Innate Abilities, Weirdness & Mutations

You are too large for most types of armour.
You have claws for hands.
Your natural rate of healing is unusually fast.
You are covered in fur. (AC +1)
You have tough skin. (AC +1)


Message History

You can move again.
There is an open door, spattered with blood here.
Things that are here:
a +0 rapier; an elf corpse Unknown command.
Unknown command.
Unknown command.
Unknown command.
Unknown command.
You mangle the floating eye!!
You kill the floating eye!
Trog accepts your kill. The deep troll bites you! The deep troll claws you! x2
* * * LOW HITPOINT WARNING * * *
The deep elf zephyrmancer mumbles some strange words.
The deep elf zephyrmancer blinks!
You mangle the deep troll!!
The deep troll is heavily wounded.
Something hits you!
* * * LOW HITPOINT WARNING * * *
You mangle the deep troll!!
You kill the deep troll!
Trog accepts your kill.
The troll leather armour is intact enough to wear.
Something hits you!
* * * LOW HITPOINT WARNING * * *
The deep elf knight points at you and mumbles some strange words.
The shard of ice misses you.
Your Fighting skill increases to level 15!
Unknown command.
Unknown command.
Something blocks your attack. The yak gores you!
* * * LOW HITPOINT WARNING * * *
You claw something! Your claw misses something.
You hear some strange, mumbled words.
A shard of ice appears from out of thin air!
The shard of ice hits you!
* * * LOW HITPOINT WARNING * * *
You closely miss something. Your claw misses something. Something hits you!
You die...

################## #
########### #
#.........# . #
##.......## .# #
####)..######## ##...
###..)÷).+..##..##4....
##....##†##.....##se....
#.÷..##)..##....#{e4....
'....+.....+....@YYw4...
#....##...##....#YeB....
##....##'##.....##hY....
###..+..[)..##..##..g..
####).)######## ##... #
#.)†....# .# #
#.........# . #
###########


You could see a deep elf knight (fast), a deep elf pyromancer, a deep elf
zephyrmancer, 4 yaks, 3 chaos spawn, a warg, a worm, a scorpion, a giant
cockroach and a goblin.

Vanquished Creatures
  Agnes (D)
  Josephine (D)
  2 vampire magi (D)
  Nergalle (D)
  3 skeletal warriors (D)
  A deep troll (D)
  A deep elf pyromancer (D)
  2 rime drakes (D)
  A freezing wraith (D)
  2 komodo dragons (D)
  An unseen horror (D)
  A guardian mummy (D)
  A troll (D)
  2 red devils (D)
  A merfolk (D)
  A polar bear (D)
  A ynoxinul (D)
  6 yaks (D)
  A fire bat (D)
  3 wraiths (D)
  A wyvern (D)
  3 acid dragons (D)
  2 floating eyes (D)
  9 wolves (D)
  A bullfrog (D)
  A scorpion (D)
  3 wights (D)
  An iron imp (D)
  An orc wizard (D)
  A gnoll (D)
  An adder (D)
  An ufetubus (D)
  3 orcs (D)
  An endoplasm (D)
  2 giant cockroaches (D)
  2 goblins (D)
  2 hobgoblins (D)
  2 jackals (D)
  A quokka (D)
  A ball python (D)
  A ball python zombie (D)
  A bat (D)
  2 frilled lizards (D)
76 creatures vanquished.

Vanquished Creatures (collateral kills)
  2 skeletal warriors (D)
  A smoke demon (D)
  A wolf (D)
4 creatures vanquished.

Grand Total: 80 creatures vanquished

Notes
Turn   | Place    | Note
-------+----------+-------------------------------------------
     0 | D        | sircluck the Troll Berserker began the quest for the Orb.
     0 | D        | Reached XP level 1. HP: 22/22 MP: 0/0
    28 | D        | Noticed a guardian mummy
    56 | D        | Killed a guardian mummy
    57 | D        | Reached skill level 7 in Unarmed Combat
    57 | D        | Reached XP level 2. HP: 36/36 MP: 1/1
    57 | D        | Reached XP level 3. HP: 44/44 MP: 2/2
    57 | D        | Reached XP level 4. HP: 52/52 MP: 3/3
    57 | D        | Reached XP level 5. HP: 59/59 MP: 4/4
   313 | D        | Noticed a vampire mage
   313 | D        | Noticed a wyvern
   323 | D        | Killed a wyvern
   323 | D        | Reached ** piety under Trog
   324 | D        | Reached skill level 8 in Unarmed Combat
   324 | D        | Reached XP level 6. HP: 71/71 MP: 5/5
   330 | D        | Killed a vampire mage
   331 | D        | Reached skill level 10 in Unarmed Combat
   331 | D        | Reached XP level 7. HP: 60/81 MP: 6/6
   376 | D        | Noticed a red devil
   389 | D        | Killed a red devil
   390 | D        | Reached XP level 8. HP: 66/92 MP: 7/7
   456 | D        | Reached *** piety under Trog
   464 | D        | Found a bloodstained altar of Trog.
   464 | D        | Found a shimmering blue altar of Sif Muna.
   464 | D        | Found a viscous altar of Jiyva.
   464 | D        | Found a hazy altar of Hepliaklqana.
   464 | D        | Found an opulent altar of Gozag.
   465 | D        | Found a glowing golden altar of the Shining One.
   465 | D        | Found a glowing silver altar of Zin.
   465 | D        | Found a basalt altar of Yredelemnul.
   465 | D        | Found a shimmering altar of Xom.
   465 | D        | Found an ornate altar of the Wu Jian Council.
   465 | D        | Found a sacrificial altar of Ru.
   465 | D        | Found a stormy altar of Qazlal.
   465 | D        | Found an iron altar of Okawaru.
   465 | D        | Found a sparkling altar of Nemelex Xobeh.
   465 | D        | Found a burning altar of Makhleb.
   465 | D        | Found a blossoming altar of Fedhas.
   465 | D        | Found a white marble altar of Elyvilon.
   465 | D        | Found a shadowy altar of Dithmenos.
   465 | D        | Found a snail-covered altar of Cheibriados.
   469 | D        | Found a corrupted altar of Lugonu.
   469 | D        | Found a radiant altar of Vehumet.
   470 | D        | Found a broken altar of Ashenzari.
   470 | D        | Found an ancient bone altar of Kikubaaqudgha.
   470 | D        | Found a hide-covered altar of Uskayaw.
   520 | D        | Reached skill level 11 in Unarmed Combat
   538 | D        | Reached **** piety under Trog
   593 | D        | Reached ***** piety under Trog
   651 | D        | Received a gift from Trog
   652 | D        | Reached skill level 10 in Fighting
   660 | D        | Paralysed by a floating eye for 3 turns
   665 | D        | Reached skill level 10 in Dodging
   666 | D        | Paralysed by a floating eye for 2 turns
   684 | D        | Noticed a rime drake
   690 | D        | Reached skill level 12 in Unarmed Combat
   691 | D        | Reached XP level 9. HP: 102/102 MP: 8/8
   699 | D        | Killed a rime drake
   699 | D        | Reached ****** piety under Trog
   710 | D        | Received a gift from Trog
   805 | D        | Noticed a freezing wraith
   812 | D        | Reached skill level 13 in Unarmed Combat
   816 | D        | Killed a freezing wraith
   864 | D        | Noticed a skeletal warrior
   864 | D        | Noticed a skeletal warrior
   864 | D        | Noticed a skeletal warrior
   864 | D        | Noticed a skeletal warrior
   864 | D        | Noticed a skeletal warrior
   864 | D        | Noticed a smoke demon
   870 | D        | Killed a skeletal warrior
   873 | D        | Killed a skeletal warrior
   874 | D        | Reached skill level 14 in Unarmed Combat
   874 | D        | Reached XP level 10. HP: 108/115 MP: 9/9
   880 | D        | Killed a skeletal warrior
   880 | D        | Killed a skeletal warrior
   884 | D        | Killed a skeletal warrior
   884 | D        | Killed a smoke demon
   884 | D        | Received a gift from Trog
   885 | D        | Reached skill level 15 in Unarmed Combat
  1126 | D        | Noticed Josephine
  1134 | D        | Received a gift from Trog
  1142 | D        | Killed Josephine
  1143 | D        | Reached XP level 11. HP: 24/128 MP: 10/10
  1248 | D        | Reached skill level 16 in Unarmed Combat
  1251 | D        | Identified the +9 quarterstaff of Destruction {flame, rN+
                  | Stlth+} (Trog gifted it to you in the Dungeon)
  1251 | D        | Received a gift from Trog
  1337 | D        | Received a gift from Trog
  1341 | D        | Noticed Nergalle
  1341 | D        | Noticed a vampire mage
  1343 | D        | Noticed Agnes
  1351 | D        | Killed Agnes
  1360 | D        | Killed a vampire mage
  1364 | D        | Reached skill level 17 in Unarmed Combat
  1366 | D        | Killed Nergalle
  1366 | D        | Received a gift from Trog
  1479 | D        | Noticed a deep elf knight
  1479 | D        | Noticed a deep elf zephyrmancer
  1479 | D        | Noticed a deep elf pyromancer
  1479 | D        | Noticed a deep elf pyromancer
  1479 | D        | Noticed a deep troll
  1480 | D        | Noticed a deep elf knight
  1487 | D        | Killed a deep elf pyromancer
  1488 | D        | Noticed a deep elf zephyrmancer
  1488 | D        | Paralysed by a floating eye for 3 turns
  1494 | D        | Killed a deep troll
  1495 | D        | Reached skill level 15 in Fighting
  1497 | D        | Slain by a deep elf knight

Illustrated notes

Levels and vault maps discovered:
D:        pitsprint [storerooms_1, entrance_room_1, metal_vault_2, armoury_1,
          mini_pit_1, grid_room_1, main_hall_1, silver_pit, the_coven_3,
          the_vestibule_1, steel_vault_3, golden_pit, hallway_of_sentries,
          crystal_vault_1, iron_vault_1, final_vault]

Skill      XL: |  1  2  3  4  5  6  7  8  9 10 11 |
---------------+----------------------------------+-----
Fighting       | 6 7 8 9 10 12 13 15 | 15.0
Dodging        | 6 7 8 9 10 11 13 14 | 14.8
Unarmed Combat | 7 8 10 12 14 15 17 | 17.4

Action                     |  1- 3 |  4- 6 |  7- 9 | 10-12 || total
---------------------------+-------+-------+-------+-------++-------
  Melee: Unarmed           |     4 |    11 |    93 |   102 ||   210
         Punch             |       |       |     3 |    10 ||    13
 Invoke: Berserk           |     1 |     1 |     3 |     2 ||     7
         Brothers in Arms  |       |       |     1 |     1 ||     2
 Armour: Animal skin       |     1 |    11 |    54 |    46 ||   112
         Acid dragon scale |       |       |       |    60 ||    60
  Dodge: Dodged            |     2 |     5 |    54 |    62 ||   123

Table legend: (Time is in decaauts)
 A = Elapsed time spent in this place.
 B = Non-inter-level travel time spent in this place.
 C = Inter-level travel time spent in this place.
 D = Time resting spent in this place.
 E = Time spent auto-exploring this place.
 F = Levels seen in this place.
 G = Mean time per level.
                   A        B        C        D        E       F      G
               +--------+--------+--------+--------+--------+-----+--------+
         Total |   1502 |   1502 |      0 |    833 |    183 |   1 | 1502.0 |
       Dungeon |   1502 |   1502 |      0 |    833 |    183 |   1 | 1502.0 |
               +--------+--------+--------+--------+--------+-----+--------+

Top non-repeatable levels by time:
       D: 1502 daAuts
